 Dungeon Crawl Stone Soup version 0.23.2-33-g5129a83184 (webtiles) character file.

Game seed: 7636794495244667818

11402 BorisKarlOrff the Protected (level 11, 0/99 HPs)
             Began as a Minotaur Chaos Knight on June 28, 2019.
             Was a Plaything of Xom.
             Slain by a tyrant leech (6 damage)
             ... on level 2 of the Lair of Beasts.
             The game lasted 00:23:56 (8520 turns).

BorisKarlOrff the Protected (Minotaur Chaos Knight) Turns: 8520, Time: 00:23:58

Health: 0/99       AC: 18    Str: 18    XL:     11   Next: 48%
Magic:  10/10      EV:  8    Int: 11    God:    Xom [*.....]
Gold:   680        SH:  4    Dex: 14    Spells: 10/10 levels left

rFire    . . .     SeeInvis .   h - +1 morningstar (venom)
rCold    . . .     Gourm    .   (no shield)
rNeg     . . .     Faith    .   y - +0 plate armour
rPois    +         Spirit   .   (helmet restricted)
rElec    .         Reflect  .   r - +2 cloak
rCorr    .         Harm     .   (no gloves)
MR       +....                  s - +0 pair of boots
Stlth    ..........             (no amulet)
HPRegen  0.26/turn              m - ring of poison resistance
MPRegen  0.12/turn              n - +2 ring of intelligence

@: no status effects
A: retaliatory headbutt, claws 2, horns 2, large bone plates 1, molten scales 1,
camouflage 1, deformed body, magic resistance 1, strong 1, MP-powered wands
a: Renounce Religion


You were on level 2 of the Lair of Beasts.
You worshipped Xom.
You were a special plaything of Xom.
You were very full.

You visited 2 branches of the dungeon, and saw 10 of its levels.

You collected 680 gold pieces.

Inventory:

Hand Weapons
 a - a +4 spear of chaos
 h - a +1 morningstar of venom (weapon)
Armour
 r - a +2 cloak (worn)
 s - a +0 pair of boots (worn)
 y - a +0 plate armour (worn)
Jewellery
 f - an uncursed amulet of magic regeneration {unknown}
 m - a ring of poison resistance (left claw)
 n - a +2 ring of intelligence (right claw)
Wands
 k - a wand of clouds (7)
 o - a wand of digging (7)
 p - a wand of random effects (52)
 x - a wand of disintegration (5)
Scrolls
 b - 3 scrolls of teleportation
 d - 2 scrolls of fog
 g - 2 scrolls of remove curse
 q - 3 scrolls of magic mapping
 t - a scroll of identify
Potions
 e - a potion of flight
 i - a potion of agility
 j - a potion of lignification {unknown}
 l - a potion of haste {unknown}
 v - a potion of invisibility {unknown}
 w - a potion of brilliance {unknown}
Comestibles
 c - 13 rations


   Skills:
 + Level 9.7 Fighting
 + Level 1.6 Maces & Flails
 + Level 12.1 Polearms
 + Level 13.6 Armour
 + Level 3.2 Dodging
 + Level 5.3 Stealth


You had 10 spell levels left.
You didn't know any spells.
Your spell library was empty.

Dungeon Overview and Level Annotations

Branches:
Dungeon (8/15)             Temple (0/1) D:7            Lair (2/6) D:8
  Swamp: Lair:2-4    Shoals: Lair:2-4     Snake: Lair:2-4    Spider: Lair:2-4

Altars:
Fedhas
Wu Jian
Xom
Yredelemnul

Annotations:
Lair:2 1 runed translucent door, Ymuy's ghost, journeyman MiFi


Innate Abilities, Weirdness & Mutations

You reflexively headbutt those who attack you in melee.
You have a pair of horns on your head.
You have very sharp fingernails.
You are partially covered in large bone plates. (SH +4)
You are partially covered in molten scales. (AC +2)
Your skin changes colour to match your surroundings (Stealth+).
Armour fits poorly on your strangely shaped body.
You are resistant to hostile enchantments. (MR+)
Your muscles are strong. (Str +2)
You expend magic power (3 MP) to strengthen your wands.


Message History

The tyrant leech bites you!
The tyrant leech draws strength from your injuries!
You thump the tyrant leech!
The tyrant leech is poisoned.
The tyrant leech is lightly wounded.
The tyrant leech bites you!!
* * * LOW HITPOINT WARNING * * *
The tyrant leech draws strength from your injuries!
The tyrant leech bites you but does no damage.
You completely miss the tyrant leech. Your headbutt misses the tyrant leech.
The tyrant leech bites you!
* * * LOW HITPOINT WARNING * * *
The tyrant leech draws strength from your injuries!
The yak gores you but does no damage.
You hit the tyrant leech but do no damage.
The tyrant leech looks as sick as possible!
Your headbutt misses the tyrant leech. The yak gores you.
* * * LOW HITPOINT WARNING * * *
The tyrant leech bites you.
You die...
Xom chortles!

####### #######
P...#.##########.Y#P.##########.#
................@ww.....YYY......
##.##..#....####.♣..#YY..Y##..+##
##.#.##.....####♣♣ .♣♣....# ##.#
#.....##...##...♣ ≈♣♣...# #
......##........♣ ≈♣...#
#.....##....#...♣ ♣...#
......#.....#...♣ ♣...#
#.....##...##...♣♣ ♣♣...#
#.#####.....+....♣ ♣....##


You could see a tyrant leech, 3 yaks and a swamp worm.

Vanquished Creatures
  A two-headed ogre (D:7)
  A fire crab (shapeshifter) (D:8)
  An unseen horror (Lair:1)
  An ugly thing (D:8)
  An oklob plant (Lair:1)
  2 elephants (Lair:1)
  A black mamba (Lair:1)
  4 spiny frogs (Lair:1)
  A komodo dragon (Lair:1)
  A troll (D:8)
  3 blink frogs
  2 hippogriffs
  3 yaks (Lair:2)
  A basilisk (Lair:1)
  5 water moccasins
  A sky beast (D:7)
  An orc warrior (D:6)
  4 porcupines
  4 phantoms
  3 centaurs
  8 ogres
  2 crocodiles (Lair:1)
  A big kobold (D:8)
  5 bullfrogs
  A wyvern zombie (D:7)
  2 crimson imps
  A centaur zombie (D:6)
  5 hounds
  2 orc priests
  2 orc wizards
  A bullfrog skeleton (D:5)
  3 iguanas
  11 worker ants
  A hound skeleton (D:4)
  A howler monkey skeleton (D:7)
  4 gnolls (D:6)
  7 adders
  A shadow imp (D:8)
  An ooze (D:2)
  2 adder skeletons
  2 worms
  A dart slug (D:3)
  3 leopard geckos
  10 orcs
  2 ball pythons
  4 giant cockroaches
  10 goblins
  8 hobgoblins
  2 jackals (D:5)
  8 kobolds
  6 quokkas
  15 bats
  4 frilled lizards
  A leopard gecko skeleton (D:5)
  A quokka zombie (D:4)
  4 rats
183 creatures vanquished.

Vanquished Creatures (collateral kills)
  An elephant (Lair:1)
  3 komodo dragons (Lair:1)
  3 blink frogs (Lair:1)
  An orc warrior (D:8)
8 creatures vanquished.

Vanquished Creatures (others)
  4 blink frogs (Lair:2)
  A giant cockroach (D:2)
  9 fungi
  9 plants
  4 toadstools (D:1)
27 creatures vanquished.

Grand Total: 218 creatures vanquished

Notes
Turn   | Place    | Note
-------+----------+-------------------------------------------
     0 | D:1      | BorisKarlOrff the Minotaur Chaos Knight began the quest for
                  | the Orb.
     0 | D:1      | Reached XP level 1. HP: 19/19 MP: 0/0
   277 | D:1      | Reached XP level 2. HP: 27/27 MP: 1/1
   285 | D:1      | XOM: divination: magic mapping
   661 | D:1      | XOM: harmless Chrm miscast
   881 | D:2      | XOM: silly message
  1004 | D:2      | Reached XP level 3. HP: 24/33 MP: 2/2
  1126 | D:2      | Found a basalt altar of Yredelemnul.
  1441 | D:3      | Reached skill level 3 in Armour
  1479 | D:3      | Reached skill level 5 in Polearms
  1479 | D:3      | Reached XP level 4. HP: 25/41 MP: 3/3
  1722 | D:3      | Noticed an ogre
  1729 | D:3      | XOM: summons friendly crimson imp
  1736 | D:3      | Killed an ogre
  1736 | D:3      | Reached XP level 5. HP: 18/47 MP: 4/4
  2197 | D:4      | Reached skill level 4 in Armour
  2292 | D:4      | Reached skill level 5 in Armour
  2292 | D:4      | Reached XP level 6. HP: 49/53 MP: 5/5
  2534 | D:4      | XOM: give mutations
  2534 | D:4      | Gained mutation: You are resistant to hostile enchantments.
                  | (MR+) [Xom's grace]
  2534 | D:4      | Gained mutation: You have sharp fingernails. [Xom's grace]
  2588 | D:4      | XOM: fake destruction
  2590 | D:4      | XOM: smoke on damage
  2591 | D:4      | XOM: summons friendly crimson imp
  2780 | D:5      | Entered Level 5 of the Dungeon
  2814 | D:5      | Reached skill level 6 in Armour
  2814 | D:5      | Reached XP level 7. HP: 49/60 MP: 6/6
  2856 | D:5      | XOM: summons friendly shadow imp
  2860 | D:5      | Reached skill level 5 in Fighting
  3098 | D:5      | Reached skill level 7 in Armour
  3625 | D:6      | XOM: noise
  3648 | D:6      | Reached XP level 8. HP: 68/68 MP: 7/7
  3833 | D:6      | XOM: snakes to sticks
  3845 | D:6      | XOM: noise
  3846 | D:6      | Reached skill level 1 in Stealth
  3854 | D:6      | XOM: enchant monster (good)
  4095 | D:6      | Found a blossoming altar of Fedhas.
  4102 | D:6      | Found an ornate altar of the Wu Jian Council.
  4305 | D:7      | Reached skill level 8 in Armour
  4333 | D:7      | Found a staircase to the Ecumenical Temple.
  4333 | D:7      | XOM: cast spell 'Cause Fear'
  4335 | D:7      | Noticed a two-headed ogre
  4348 | D:7      | XOM: confuse monster(s)
  4353 | D:7      | Killed a two-headed ogre
  4353 | D:7      | Reached skill level 9 in Armour
  4353 | D:7      | Reached XP level 9. HP: 37/77 MP: 8/8
  4776 | D:7      | XOM: give mutations
  4776 | D:7      | Gained mutation: You expend magic power (3 MP) to
                  | strengthen your wands. [Xom's mischief]
  4776 | D:7      | Gained mutation: You have very sharp fingernails. [Xom's
                  | mischief]
  4776 | D:7      | Gained mutation: Armour fits poorly on your strangely
                  | shaped body. [Xom's mischief]
  5044 | D:8      | XOM: polymorph orc -> shapeshifter
  5044 | D:8      | Noticed a fire crab
  5044 | D:8      | a shapeshifter changed into a fire crab
  5050 | D:8      | XOM: enchant monster (good)
  5054 | D:8      | Killed a fire crab
  5054 | D:8      | Reached skill level 10 in Polearms
  5054 | D:8      | Reached skill level 10 in Armour
  5095 | D:8      | XOM: enchant monster (good)
  5364 | D:8      | Found a staircase to the Lair.
  5376 | D:8      | XOM: enchant monster (good)
  5382 | D:8      | Noticed a white ugly thing
  5389 | D:8      | Noticed a troll
  5414 | D:8      | Reached skill level 11 in Armour
  5419 | D:8      | Reached XP level 10. HP: 45/86 MP: 9/9
  5646 | D:8      | XOM: butterfly on damage
  5656 | D:8      | Killed a white ugly thing
  6012 | Lair:1   | Entered Level 1 of the Lair of Beasts
  6020 | Lair:1   | XOM: summons friendly ufetubus
  6021 | Lair:1   | XOM: fog
  6028 | Lair:1   | XOM: scenery: create altars
  6053 | Lair:1   | XOM: summons 4 friendly demons
  6126 | Lair:1   | Noticed a black mamba
  6141 | Lair:1   | Killed a black mamba
  6147 | Lair:1   | Noticed a spiny frog
  6164 | Lair:1   | Killed a spiny frog
  6301 | Lair:1   | XOM: harmless Necr miscast
  6367 | Lair:1   | XOM: god gift: 6 rations
  6425 | Lair:1   | XOM: 1-stop teleportation journey
  6463 | Lair:1   | Noticed a spiny frog
  6463 | Lair:1   | XOM: summons friendly iron imp
  6464 | Lair:1   | XOM: divination: magic mapping
  6466 | Lair:1   | XOM: confuse monster(s)
  6474 | Lair:1   | XOM: cast spell 'Alistair's Intoxication'
  6482 | Lair:1   | XOM: mild Hex miscast
  6490 | Lair:1   | XOM: confuse monster(s)
  6492 | Lair:1   | Killed a spiny frog
  6492 | Lair:1   | Reached skill level 12 in Armour
  6584 | Lair:1   | HP: 4/88 [komodo dragon (9)]
  6586 | Lair:1   | XOM: harmless Tloc miscast
  6589 | Lair:1   | XOM: harmless Hex miscast
  6604 | Lair:1   | Reached skill level 5 in Stealth
  6646 | Lair:1   | XOM: cloud trail
  7022 | Lair:1   | Noticed an elephant
  7022 | Lair:1   | Noticed an elephant
  7028 | Lair:1   | Noticed an elephant
  7033 | Lair:1   | XOM: confuse monster(s)
  7043 | Lair:1   | Killed an elephant
  7044 | Lair:1   | Noticed an elephant
  7044 | Lair:1   | XOM: cast spell 'Dispersal'
  7046 | Lair:1   | XOM: summons 6 friendly demons
  7048 | Lair:1   | XOM: fog
  7057 | Lair:1   | XOM: polymorph quasit -> crimson imp
  7059 | Lair:1   | XOM: fog
  7082 | Lair:1   | Killed an elephant
  7108 | Lair:1   | an elephant changed into something unseen
  7108 | Lair:1   | XOM: polymorph elephant -> something unseen
  7113 | Lair:1   | XOM: scenery: create altars
  7186 | Lair:1   | XOM: give mutations
  7186 | Lair:1   | Gained mutation: You are partially covered in molten
                  | scales. (AC +2) [Xom's grace]
  7186 | Lair:1   | Gained mutation: You are partially covered in large bone
                  | plates. (SH +4) [Xom's grace]
  7186 | Lair:1   | Gained mutation: Your skin changes colour to match your
                  | surroundings (Stealth+). [Xom's grace]
  7186 | Lair:1   | Gained mutation: Your muscles are strong. (Str +2) [Xom's
                  | grace]
  7467 | Lair:1   | Killed an unseen horror
  7467 | Lair:1   | Reached XP level 11. HP: 59/95 MP: 10/10
  7475 | Lair:1   | Noticed an oklob plant
  7501 | Lair:1   | Killed an oklob plant
  7501 | Lair:1   | Reached skill level 13 in Armour
  7853 | Lair:1   | XOM: divination: detect items
  7910 | Lair:1   | XOM: summons 3 friendly demons
  7957 | Lair:1   | XOM: summons 2 friendly demons
  7958 | Lair:1   | XOM: cast spell 'Summon Dragon'
  8189 | Lair:2   | XOM: confuse monster(s)
  8238 | Lair:2   | XOM: scenery: create altars
  8273 | Lair:2   | Found a runed translucent door.
  8279 | Lair:2   | Noticed Ymuy's ghost (journeyman MiFi)
  8279 | Lair:2   | Identified the +9 trident "Zoaweel" {freeze, rN++ Dex+4}
  8279 | Lair:2   | Noticed a spriggan rider
  8297 | Lair:2   | Reached skill level 1 in Maces & Flails
  8297 | Lair:2   | XOM: divine lightning
  8409 | Lair:2   | XOM: noise
  8432 | Lair:2   | XOM: 5-stop teleportation journey
  8520 | Lair:2   | Slain by a tyrant leech

Skill      XL: |  1  2  3  4  5  6  7  8  9 10 11 |
---------------+----------------------------------+-----
Polearms       | 4 5 7 8 9 10 11 12 | 12.1
Fighting       | 4 5 6 7 8 9 |  9.7
Armour         | 3 5 6 7 9 11 12 13 | 13.6
Dodging        | 2 3 |  3.2
Stealth        | 2 3 5 |  5.3
Maces & Flails | 1 |  1.6

Action                   |  1- 3 |  4- 6 |  7- 9 | 10-12 || total
-------------------------+-------+-------+-------+-------++-------
Melee: Spear             |   119 |   128 |   265 |   254 ||   766
       Headbutt          |    12 |    24 |    56 |    78 ||   170
       Morningstar       |       |       |       |    40 ||    40
  Use: Scroll            |     4 |       |    14 |     4 ||    22
       Potion            |       |       |     3 |     4 ||     7
 Stab: Paralysed         |       |       |     6 |     5 ||    11
       Confused          |       |       |     1 |     3 ||     4
       Petrifying        |       |       |     1 |     1 ||     2
       Petrified         |       |       |     1 |     3 ||     4
  Eat: Ration            |     2 |       |     4 |     3 ||     9
Armor: Leather armour    |    12 |       |       |       ||    12
       Chain mail        |    94 |    75 |    77 |       ||   246
       Plate armour      |       |       |    70 |   139 ||   209
Dodge: Dodged            |    75 |    35 |    84 |    54 ||   248
Block: Other             |       |       |       |    13 ||    13
